 Dungeon Crawl Stone Soup version 0.28-a0-595-g9f6c0e134a (webtiles) character file.

Game seed: 7792841992474688862

345 Shard1697 the Magician (level 6, -8/40 HPs)
             Began as a Djinni Ice Elementalist on Oct 4, 2021.
             Mangled by an ogre (26 damage)
             ... on level 4 of the Dungeon.
             The game lasted 00:05:09 (3961 turns).

Shard1697 the Magician (Djinni Ice Elementalist)    Turns: 3961, Time: 00:05:10

Health: -8/40      AC:  2    Str:  7    XL:     6   Next: 90%
Gold:   185        EV: 12    Int: 18    God:
                   SH:  0    Dex: 14

rFire   + + .      SeeInvis .   d - +0 dagger (elec)
rCold   x . .      Faith    .   (no shield)
rNeg    . . .      Spirit   .   a - +0 robe
rPois   ∞          Reflect  .   (no helmet)
rElec   .          Harm     .   (no cloak)
rCorr   .          Rampage  .   (no gloves)
Will    .....                   (boots unavailable)
Stlth   ++........              (no amulet)
HPRegen 0.13/turn               (no ring)
MPRegen 0.00/turn               (no ring)

@: freezing walls, flying
A: sickness immunity, fire resistance 2, cold vulnerability 1, float, innate
caster, hp casting, extra vitality 1
a: no special abilities


You were on level 4 of the Dungeon.
You visited 1 branch of the dungeon, and saw 4 of its levels.

You collected 185 gold pieces.

Inventory:

Hand Weapons
 d - a +0 dagger of electrocution (weapon)
 i - a +1 war axe of freezing
 o - a +0 short sword
Armour
 a - a +0 robe (worn)
Wands
 l - a wand of digging (4)
Scrolls
 b - a scroll of brand weapon {unknown}
 e - 2 scrolls of blinking {unknown}
 f - a scroll of teleportation
Potions
 c - a potion of resistance {unknown}
 g - 2 potions of curing {unknown}
 h - a potion of magic {unknown}
 j - a potion of flight {unknown}
 k - a potion of brilliance {unknown}
 m - a potion of berserk rage


   Skills:
 + Level 0.0 Fighting
 - Level 2.1 Dodging
 - Level 1.5 Stealth
 * Level 6.0 Spellcasting


You had 3 spell levels left.
You knew the following spells:

 Your Spells              Type           Power      Damage    Failure   Level
a - Freeze                Ice            100%       1d11      1%          1
b - Frozen Ramparts       Ice            54%        1d7       3%          3
c - Ozocubu's Armour      Ice            27%        N/A       3%          3
d - Hailstorm             Conj/Ice       27%        3d7       10%         4
e - Beastly Appendage     Tmut           54%        N/A       1%          1
f - Blink                 Tloc           N/A        N/A       1%          2
Your spell library was empty.

Dungeon Overview and Level Annotations

Branches:
Dungeon (4/15)
 Temple: D:4-7

Altars:
The Shining One


Innate Abilities, Weirdness & Mutations

You are immune to sickness and miasma.
You are immune to poison.
Your flesh is very heat resistant. (rF++)
You are vulnerable to cold. (rC-)
You float through the air rather than walking.
You learn spells naturally, not from books.
Your magical power is your life essence.
You have superior vitality. (+4 HP)


Message History

Casting: Freeze (safe; 1% risk of failure)
Confirm with . or Enter, or press ? or * to list all spells.
Aiming: Freeze (safe; 1% risk of failure)
Press: ? - help, Shift-Dir - straight line, f - orc
Aim: an orc, wielding a +0 flail and wearing a +0 ring mail (heavily wounded)
You freeze the orc.
You kill the orc!
Items here: )) [ ††.
e - 2 scrolls labelled JYSAREWONA (gained 1)
There is an open door here.
You reach down and open the door.
An ogre comes into view. It is wielding a +0 giant club.
There is an open door here.
Casting: Freeze (safe; 1% risk of failure)
Confirm with . or Enter, or press ? or * to list all spells.
Casting: Frozen Ramparts (dangerous; 3% risk of failure)
Press: ? - help, Dir - look around, f - activate An open door.
The walls around you are covered in ice.
The wall freezes the ogre!
Casting: Frozen Ramparts (dangerous; 3% risk of failure)
Confirm with . or Enter, or press ? or * to list all spells.
Aiming: Freeze (safe; 1% risk of failure)
Press: ? - help, Shift-Dir - straight line, f - ogre
Aim: an ogre, wielding a +0 giant club (moderately wounded)
You freeze the ogre.
The ogre is moderately wounded.
The wall freezes the ogre.
The ogre hits you with a +0 giant club!!
Casting: Freeze (safe; 1% risk of failure)
Confirm with . or Enter, or press ? or * to list all spells.
Aiming: Freeze (safe; 1% risk of failure)
Press: ? - help, Shift-Dir - straight line, f/p - ogre
Aim: an ogre, wielding a +0 giant club (heavily wounded)
You freeze the ogre.
The ogre is heavily wounded.
The wall freezes the ogre.
The ogre hits you with a +0 giant club!!
Ouch! That really hurt!
You die...

.....................#.
......)..............#
#########....#####....#
#....#...#....#
#....'...# ...
#....#...# ..
###....#.###
#....#########
#...)#....@..#
+....#....#O.#
#....#....#..#
#....#'####.##
##>......# +# #.......#
#.......# #.......#
###....##


You could see an ogre.

Vanquished Creatures
  2 ogres (D:4)
  An iguana (D:4)
  Natasha (thrice) (D:2)
  An adder (D:2)
  3 dart slugs (D:1)
  6 orcs
  5 ball pythons
  3 endoplasms
  2 giant cockroaches (D:1)
  4 goblins
  7 hobgoblins
  A quokka (D:3)
  8 bats
  5 frilled lizards
  3 kobolds
  5 rats
59 creatures vanquished.

Notes
Turn   | Place    | Note
-------+----------+-------------------------------------------
     0 | D:1      | Shard1697 the Djinni Ice Elementalist began the quest for
                  | the Orb.
     0 | D:1      | Reached XP level 1. HP: 15/15 MP: 0/0
   302 | D:1      | Reached XP level 2. HP: 18/21 MP: 0/0
   804 | D:1      | Reached XP level 3. HP: 23/25 MP: 0/0
   804 | D:1      | Learned a level 1 spell: Beastly Appendage
   875 | D:1      | Found a faded altar of an unknown god.
  1274 | D:2      | Reached skill level 4 in Spellcasting
  1407 | D:2      | Noticed Natasha
  1416 | D:2      | Killed Natasha
  1417 | D:2      | Reached XP level 4. HP: 16/31 MP: 0/0
  1510 | D:2      | Noticed Natasha
  1841 | D:2      | Killed Natasha
  1971 | D:2      | Found a glowing golden altar of the Shining One.
  2082 | D:2      | Reached XP level 5. HP: 35/35 MP: 0/0
  2082 | D:2      | Learned a level 2 spell: Blink
  2383 | D:2      | Noticed Natasha
  2391 | D:2      | Killed Natasha
  2481 | D:3      | Reached skill level 5 in Spellcasting
  3559 | D:4      | Noticed an ogre
  3565 | D:4      | Killed an ogre
  3566 | D:4      | Reached XP level 6. HP: 17/40 MP: 0/0
  3897 | D:4      | Noticed an ogre
  3907 | D:4      | Killed an ogre
  3908 | D:4      | Reached skill level 6 in Spellcasting
  3958 | D:4      | Noticed an ogre
  3961 | D:4      | Mangled by an ogre

Illustrated notes

Levels and vault maps discovered:
D:1:      dpeg_arrival_windows_large_door, layout_loops_cross,
          chequers_ecumenical_altar_grove
D:2:      layout_basic, basic_altar, serial_park_tiny_1,
          minmay_indecisive_spiral, uniq_natasha
D:3:      layout_basic
D:4:      layout_gridville, uniq_edmund

Skill      XL: |  1  2  3  4  5  6 |
---------------+-------------------+-----
Spellcasting   | 4 5 6 |  6.0
Dodging        | |  2.1
Stealth        | |  1.5

Action                   |  1- 3 |  4- 6 || total
-------------------------+-------+-------++-------
Melee: Club              |     7 |    13 ||    20
 Cast: Freeze            |    34 |    50 ||    84
       Frozen Ramparts   |       |     5 ||     5
  Use: Scroll            |       |     5 ||     5
 Stab: Sleeping          |     3 |     4 ||     7
Armor: Robe              |     6 |     5 ||    11
Dodge: Dodged            |    13 |    26 ||    39

Table legend: (Time is in decaauts)
 A = Elapsed time spent in this place.
 B = Non-inter-level travel time spent in this place.
 C = Inter-level travel time spent in this place.
 D = Time resting spent in this place.
 E = Time spent auto-exploring this place.
 F = Levels seen in this place.
 G = Mean time per level.
                   A        B        C        D        E       F      G
               +--------+--------+--------+--------+--------+-----+--------+
         Total |   3965 |   3843 |    122 |    991 |   2385 |   4 |  991.2 |
       Dungeon |   3965 |   3843 |    122 |    991 |   2385 |   4 |  991.2 |
               +--------+--------+--------+--------+--------+-----+--------+

Top non-repeatable levels by time:
     D:2: 1282 daAuts
     D:1: 1271 daAuts
     D:3: 966 daAuts
     D:4: 446 daAuts
